 Dungeon Crawl Stone Soup version 0.30-a0-272-gf98c3da03f (webtiles) character file.

Game seed: 11591186297912117436

697 Zonian the Ducker (level 7, -3/40 HPs)
             Began as a Djinni Ice Elementalist on Oct 15, 2022.
             Was a Follower of Hepliaklqana.
             Slain by an ice beast (18 damage)
             ... on level 5 of the Dungeon.
             The game lasted 00:14:04 (7348 turns).

Zonian the Ducker (Djinni Ice Elementalist)         Turns: 7348, Time: 00:14:05

Health: -3/40      AC:  3    Str:  7    XL:     7   Next: 97%
Gold:   100        EV: 14    Int: 18    God:    Hepliaklqana [*.....] SH:  5 Dex: 19

rFire   + + .      SeeInvis .    t - +0 dagger
rCold   x . .      Faith    .    p - +1 buckler
rNeg    + . .      Spirit   .    a - +0 robe
rPois   ∞          Reflect  .    o - +0 helmet
rElec   .          Harm     .    (no cloak)
rCorr   .          Rampage  .    (no gloves)
Will    .....                    (boots unavailable)
Stlth   +++.......               j - amulet of the acrobat
HPRegen 0.26/turn                f - ring of wizardry
MPRegen 0.00/turn                h - ring of the Ladybird {rN+ Dex+5}

@: flying
A: reduced essence, sickness immunity, fire resistance 2, cold vulnerability 1,
float, innate caster, HP casting, extra vitality 1
a: Renounce Religion, Recall Ancestor, Ancestor Identity


You were on level 5 of the Dungeon.
You worshipped Hepliaklqana.
Hepliaklqana was aware of your devotion.
You visited 1 branch of the dungeon, and saw 5 of its levels.

You collected 189 gold pieces.
You spent 89 gold pieces at shops.

Inventory:

Hand Weapons
 g - a +0 whip
 t - a +0 dagger (weapon)
 z - a +2 dagger of flaming
Missiles
 i - 18 poisoned darts
Armour
 a - a +0 robe (worn)
 o - a +0 helmet (worn)
 p - a +1 buckler (worn)
Jewellery
 f - a ring of wizardry (left hand)
 h - the ring of the Ladybird (right hand) {rN+ Dex+5}
   (You acquired it on level 4 of the Dungeon)

   [ring of positive energy]

   Dex:       It affects your dexterity (+5).
   rN:        It protects you from negative energy.
 j - an amulet of the acrobat (around neck)
Wands
 n - a wand of paralysis (10)
 u - a wand of acid (6)
Scrolls
 b - a scroll of vulnerability
 d - 2 scrolls of teleportation
 s - a scroll of enchant armour
 v - a scroll of noise {unknown}
 x - a scroll of poison {unknown}
 y - a scroll of enchant weapon {unknown}
 A - a scroll of torment {unknown}
Potions
 c - 5 potions of curing
 e - 2 potions of mutation
 k - a potion of magic
 l - 3 potions of lignification
 m - a potion of resistance
 q - a potion of heal wounds
 r - a potion of attraction {unknown}
 w - a potion of flight


   Skills:
 + Level 5.3 Dodging
 + Level 4.3 Stealth
 + Level 4.7 Spellcasting
 - Level 2.0 Invocations


You couldn't memorise any spells.
You knew the following spells:

 Your Spells              Type           Power      Damage    Failure   Level
a - Freeze                Ice            84%        1d9       1%          1
b - Frozen Ramparts       Ice            42%        1d7       3%          3
c - Ozocubu's Armour      Ice            21%        N/A       3%          3
d - Summon Ice Beast      Ice/Summ       21%        N/A       11%         4
e - Apportation           Tloc           42%        N/A       1%          1
f - Searing Ray           Conj           42%        2d6       1%          2
g - Mephitic Cloud        Conj/Pois/Air  21%        N/A       3%          3
Your spell library was empty.

Dungeon Overview and Level Annotations

Branches:
Dungeon (5/15)
 Temple: D:4-7

Altars:
Hepliaklqana
Makhleb

Shops:
D:2 *   D:4 ([*!


Innate Abilities, Weirdness & Mutations

Your life essence is reduced to manifest your ancestor. (-10% HP)
You are immune to sickness and miasma.
You are immune to poison.
Your flesh is very heat resistant. (rF++)
You are vulnerable to cold. (rC-)
You float through the air rather than walking.
You learn spells naturally, not from books.
Your magical power is your life essence.
You have superior vitality. (+4 MHP)


Message History

You swap places.
You now have enough gold to buy a potion of mutation on D:4, or buy a lead wand on D:2.
You can access your shopping list by pressing '$'.
You now have 100 gold pieces (gained 11).
Found a leather armour.
Found a stone staircase leading up.
Unknown command.
i - 18 poisoned darts (gained 2)
B - 3 scrolls of identify Unknown command.
As you read the scroll of identify, it crumbles to dust.
k - a potion of magic
As you read the scroll of identify, it crumbles to dust.
m - a potion of resistance
As you read the scroll of identify, it crumbles to dust.
q - a potion of heal wounds Unknown command.
An ice beast comes into view.
Found a robe.
Found an escape hatch in the floor.
An ice beast is nearby!
Unknown command.
An iguana comes into view.
The iguana hisses angrily.
You see here a +0 robe.
You barely miss the ice beast. The ice beast closely misses you.
You hit the ice beast but do no damage.
OhNo! hits the ice beast.
The ice beast closely misses you.
Unknown command.
You hit the ice beast.
The ice beast is moderately wounded.
OhNo! closely misses the ice beast.
The ice beast hits you. The ice beast freezes you!
You feel a terrible chill!
You hit the ice beast but do no damage.
The ice beast is moderately wounded.
OhNo! hits the ice beast.
The iguana misses you.
The ice beast hits you but does no damage.
Unknown command.
The iguana attacks as you move away! The iguana bites you!
The ice beast attacks as you move away! The ice beast hits you.
The ice beast freezes you!!
You feel a terrible chill!
You die...

.#.#......###.# .
#.#..........####.
#.#...........#...
#.#...#....<...... #
#...######..##..#. #.
#....#.........#.
#.##.##.#.#R........
#...>##.#R#.........
##.@R.#...#.........
.....^lY..#####.##..####
.................#......
...........<.....#######
.#.........[............
......##........#..#####
...... #................
###### ###...#....####..
#...#....# #..


You could see the friendly OhNo! the ancestor, an ice beast (ally target) and an
iguana.

Vanquished Creatures
  Grinder (D:3)
  An ogre (D:4)
  A hound (D:2)
  An iguana (D:4)
  Ijyb (D:4)
  An orc wizard (D:4)
  6 adders
  3 dart slugs
  A worm (D:2)
  3 orcs (D:4)
  9 bats
  10 endoplasms
  6 giant cockroaches
  10 hobgoblins
  3 jackals (D:4)
  6 kobolds
  6 quokkas
  9 ball pythons
  2 frilled lizards
  5 goblins
  8 rats
93 creatures vanquished.

Vanquished Creatures (collateral kills)
  A scorpion (D:4)
  A hound (D:4)
  A jelly (D:4)
  A gnoll (D:4)
  3 adders (D:4)
  2 dart slugs (D:4)
  An orc (D:4)
  An endoplasm (D:4)
  A goblin (D:4)
  A hobgoblin (D:4)
  2 ball pythons (D:4)
  A kobold (D:4)
  A bush (D:4)
17 creatures vanquished.

Vanquished Creatures (others)
  A plant (D:3)
1 creature vanquished.

Grand Total: 111 creatures vanquished

Notes
Turn   | Place    | Note
-------+----------+-------------------------------------------
     0 | D:1      | Zonian the Djinni Ice Elementalist began the quest for the
                  | Orb.
     0 | D:1      | Zonian set off with the following spells memorised: Freeze,
                  | Frozen Ramparts, Ozocubu's Armour, Summon Ice Beast.
     0 | D:1      | Reached XP level 1. HP: 15/15 MP: 0/0
   126 | D:1      | Reached XP level 2. HP: 13/21 MP: 0/0
   762 | D:1      | Reached XP level 3. HP: 24/25 MP: 0/0
   762 | D:1      | Learned a level 1 spell: Apportation
  1187 | D:2      | Reached skill level 3 in Dodging
  1296 | D:2      | Found Asip's Assorted Antiques.
  1339 | D:2      | Reached XP level 4. HP: 17/31 MP: 0/0
  1507 | D:2      | Bought a scroll labelled HANGUA NIRUNEA for 25 gold pieces
  1507 | D:2      | Bought a scroll labelled KAIVUW UPENUU for 25 gold pieces
  1862 | D:2      | Reached XP level 5. HP: 32/35 MP: 0/0
  1862 | D:2      | Learned a level 2 spell: Searing Ray
  2349 | D:3      | Found a hazy altar of Hepliaklqana.
  2415 | D:3      | Became a worshipper of Hepliaklqana the Forgotten
  2635 | D:3      | Found a burning altar of Makhleb.
  2664 | D:3      | Noticed Grinder
  3475 | D:3      | Killed Grinder
  3476 | D:3      | Reached skill level 4 in Dodging
  3476 | D:3      | Reached skill level 1 in Invocations
  3476 | D:3      | Reached XP level 6. HP: 9/40 MP: 0/0
  4162 | D:4      | Found Dirchissa's Weapon Shoppe.
  4247 | D:4      | Reached XP level 7. HP: 42/45 MP: 0/0
  4247 | D:4      | Learned a level 3 spell: Mephitic Cloud
  4260 | D:4      | Reached * piety under Hepliaklqana
  4517 | D:4      | Noticed Ijyb
  4527 | D:4      | Killed Ijyb
  5404 | D:4      | Found Veucoim's Assorted Antiques.
  5412 | D:4      | Bought a lumpy ruby potion for 18 gold pieces
  5412 | D:4      | Bought a scroll labelled UCOLOH NIARUH for 21 gold pieces
  5432 | D:4      | Found Conu's Distillery.
  5570 | D:4      | Found Egosyse's Antique Armour Boutique.
  5577 | D:4      | Reached skill level 5 in Dodging
  6794 | D:4      | Identified a scroll of acquirement
  6794 | D:4      | Acquired the ring of the Ladybird {rN+ Dex+5}
  6904 | D:4      | Found Gemoph's Jewellery Shoppe.
  7252 | D:5      | Entered Level 5 of the Dungeon
  7348 | D:5      | Slain by an ice beast

Illustrated notes

Levels and vault maps discovered:
D:1:      dpeg_arrival_simpleton_c, layout_loops_ring, minmay_close_crescents
D:2:      layout_basic, serial_glass, glass_columns_b, glass_columns_b,
          glass_columns_b, glass_columns_a, glass_columns_a, glass_columns_b,
          glass_columns_b, glass_columns_b, item_on_display_a,
          due_unseen_surprise, serial_shops, shop,
          corexii_item_surrounded_by_moat, minmay_ruptured
D:3:      layout_basic, mainiacjoe_overflow_chevrons,
          nicolae_hepliaklqana_hazy_memory, minmay_misc_feat_iff, uniq_grinder
D:4:      minmay_chambers_of_threes, layout_loops_corners, serial_shops,
          nicolae_shop_stone, nicolae_shop_waterfront, nicolae_shop_stone, shop,
          shop, kennysheep_path_1, amcnicky_mini_corridor_feature,
          minmay_hedge_maze, st_stairs_1, guppyfry_early_lair_pool, uniq_ijyb
D:5:      layout_cave_pools, slow_altar_2, minmay_temple_entry_nine_rooms,
          serial_co_window_serial, co_window_paths_a, co_window_cross_1,
          co_window_paths_b, co_window_corner_a, co_window_of_opportunity_a,
          co_window_corner_b, co_window_of_opportunity_b,
          co_window_unsneaky_path_c, co_window_2corner,
          co_window_unsneaky_path_c, co_window_corner_b, co_window_paths_d,
          glass_columns_a, glass_columns_b, nicolae_ossuary_entry_catacombs

Skill      XL: |  1  2  3  4  5  6  7 |
---------------+----------------------+-----
Stealth        | 2 3 4 |  4.3
Dodging        | 3 4 5 |  5.3
Spellcasting   | 4 |  4.7
Invocations    | 1 2 |  2.0

Action                   |  1- 3 |  4- 6 |  7- 9 || total
-------------------------+-------+-------+-------++-------
Melee: Unarmed           |     5 |       |       ||     5
       Whip              |     9 |    58 |       ||    67
       Dagger            |       |    10 |    98 ||   108
 Cast: Freeze            |    47 |    58 |    17 ||   122
       Searing Ray       |       |     3 |       ||     3
       Frozen Ramparts   |       |       |     3 ||     3
Invok: Ancestor Identity |       |       |     1 ||     1
Evoke: Wand              |       |       |     2 ||     2
  Use: Scroll            |       |     5 |    11 ||    16
       Potion            |       |     1 |       ||     1
 Stab: Sleeping          |     1 |       |     5 ||     6
Armor: Robe              |     6 |    26 |     9 ||    41
Dodge: Dodged            |    33 |    98 |    67 ||   198
Block: Buckler           |       |    19 |    17 ||    36

Table legend: (Time is in decaauts)
 A = Elapsed time spent in this place.
 B = Non-inter-level travel time spent in this place.
 C = Inter-level travel time spent in this place.
 D = Time resting spent in this place.
 E = Time spent auto-exploring this place.
 F = Levels seen in this place.
 G = Mean time per level.
                   A        B        C        D        E       F      G
               +--------+--------+--------+--------+--------+-----+--------+
         Total |   7359 |   7265 |     94 |   2547 |   3467 |   5 | 1471.8 |
       Dungeon |   7359 |   7265 |     94 |   2547 |   3467 |   5 | 1471.8 |
               +--------+--------+--------+--------+--------+-----+--------+

Top non-repeatable levels by time:
     D:4: 3094 daAuts
     D:3: 1837 daAuts
     D:1: 1173 daAuts
     D:2: 1157 daAuts
     D:5: 96 daAuts
